| TOP OF THE 1ST |
|
Detroit Red Wings batting - Pitching for Chester Pirates : RHP Eric Bourque
|
|
Pitching: RHP Eric Bourque
|
|
|
Batting: RHB Carlos Armenteros
|
0-0: Ball 1-0: Foul Ball, location: 2F 1-1: Ball 2-1: Fly out, F8 (Flyball, 89M, EV 87.5 MPH)
|
|
Batting: LHB Isao Fukui
|
0-0: Called Strike 0-1: Foul Ball, location: 2F 0-2: Strikes out swinging
|
|
Batting: SHB Ross Holland
|
0-0: Called Strike 0-1: Called Strike 0-2: Foul Ball, location: 2F 0-2: Fly out, F6 (Line Drive, 6, EV 77.5 MPH)
|
| Top of the 1st over - 0 runs, 0 hits, 0 errors, 0 left on base; Detroit 0 - Chester 0 |
| BOTTOM OF THE 1ST |
|
Chester Pirates batting - Pitching for Detroit Red Wings : RHP Andy Strange
|
|
Pitching: RHP Andy Strange
|
|
|
Batting: RHB Terrence Wilson
|
0-0: Called Strike 0-1: Ball 1-1: Fly out, F6 (Flyball, 56D, EV 77.5 MPH)
|
|
Batting: RHB Tim Moore
|
0-0: Ball 1-0: Foul Ball, location: 2F 1-1: Swinging Strike 1-2: Ball 2-2: Ball 3-2: Base on Balls
|
|
Batting: RHB Brandon White
|
0-0: Called Strike 0-1: 2-RUN HOME RUN (Line Drive, 89XD, EV 113.8 MPH), Distance : 445 ft
|
|
Batting: RHB Zach Chmieleski
|
0-0: Called Strike 0-1: Ground out 5-3 (Groundball, 56, EV 101.2 MPH)
|
|
Batting: RHB Jeff Edwards
|
0-0: Called Strike 0-1: SINGLE (Groundball, 6MD, EV 101.9 MPH)
|
|
Batting: SHB Don Hauk
|
0-0: Ball 1-0: Ball 2-0: Foul Ball, location: 2F 2-1: TRIPLE (Flyball, 89XD, EV 91.9 MPH) Jeff Edwards scores
|
|
Batting: LHB Dustin Herman
|
0-0: Ball 1-0: SINGLE (Flyball, 78S, EV 90.0 MPH) Don Hauk scores
|
|
Batting: RHB Frank Elizondo
|
0-0: Called Strike 0-1: Called Strike 0-2: Strikes out looking
|
| Bottom of the 1st over - 4 runs, 4 hits, 0 errors, 1 left on base; Detroit 0 - Chester 4 |
| TOP OF THE 2ND |
|
Detroit Red Wings batting - Pitching for Chester Pirates : RHP Eric Bourque
|
|
Batting: LHB Brad Gaskill
|
0-0: Foul Ball, location: 2F 0-1: Ball 1-1: Ball 2-1: Foul Ball, location: 2F 2-2: Foul Ball, location: 2F 2-2: Foul Ball, location: 2F 2-2: Foul Ball, location: 2F 2-2: Ball 3-2: Strikes out looking
|
|
Batting: RHB Tony Nunez
|
0-0: Called Strike 0-1: Foul Ball, location: 2F 0-2: Foul Ball, location: 2F 0-2: Fly out, F7 (Flyball, 78M, EV 73.1 MPH)
|
|
Batting: RHB Jeremiah Washington
|
0-0: Swinging Strike 0-1: Ball 1-1: Ball 2-1: Called Strike 2-2: Ball 3-2: Strikes out swinging
|
| Top of the 2nd over - 0 runs, 0 hits, 0 errors, 0 left on base; Detroit 0 - Chester 4 |
| BOTTOM OF THE 2ND |
|
Chester Pirates batting - Pitching for Detroit Red Wings : RHP Andy Strange
|
|
Batting: LHB Chad Cutler
|
0-0: DOUBLE (Flyball, 8LXD, EV 104.4 MPH)
|
|
Batting: RHB Terrence Wilson
|
0-0: Ball 1-0: Called Strike 1-1: Ball 2-1: Foul Ball, location: 2F 2-2: Ball 3-2: Ground out 5-3 (Groundball, 56, EV 81.9 MPH)
|
|
Batting: RHB Tim Moore
|
0-0: Called Strike 0-1: Ball Wild Pitch! Chad Cutler to third 1-1: Ball 2-1: SINGLE (Groundball, 34D, EV 96.9 MPH) Chad Cutler scores
|
|
Batting: RHB Brandon White
|
0-0: DOUBLE (Line Drive, 78M, EV 106.9 MPH) Tim Moore to third
|
|
Batting: RHB Zach Chmieleski
|
0-0: Ball 1-0: SINGLE (Flyball, 5D, EV 87.5 MPH) Tim Moore scores Brandon White to third
|
|
Batting: RHB Jeff Edwards
|
0-0: Fielders Choice at 2nd, 6-4 (Groundball, 6M, EV 83.1 MPH) Brandon White scores
|
|
Batting: SHB Don Hauk
|
0-0: SINGLE (Line Drive, 78S, EV 109.4 MPH) Jeff Edwards to second
|
|
Batting: LHB Dustin Herman
|
0-0: Ball 1-0: Ball 2-0: Ball 3-0: Called Strike 3-1: Fly out, F7 (Flyball, 7, EV 95.0 MPH)
|
| Bottom of the 2nd over - 3 runs, 5 hits, 0 errors, 2 left on base; Detroit 0 - Chester 7 |
| TOP OF THE 3RD |
|
Detroit Red Wings batting - Pitching for Chester Pirates : RHP Eric Bourque
|
|
Batting: SHB Eisse Wijnja
|
0-0: Called Strike 0-1: Called Strike 0-2: Strikes out looking
|
|
Batting: LHB Steve Herrera
|
0-0: Ball 1-0: Called Strike 1-1: Ball 2-1: DOUBLE (Flyball, 8LXD, EV 96.9 MPH)
|
|
Batting: LHB Jamie Christian
|
0-0: Called Strike 0-1: Ball 1-1: Swinging Strike 1-2: Fly out, F5 (Popup, 5F, EV 75.6 MPH)
|
|
Batting: RHB Carlos Armenteros
|
0-0: 2-RUN HOME RUN (Flyball, 7LD, EV 97.5 MPH), Distance : 365 ft
|
|
Batting: LHB Isao Fukui
|
0-0: Foul Ball, location: 2F 0-1: Ball 1-1: Ball 2-1: Called Strike 2-2: Ball 3-2: Strikes out swinging
|
| Top of the 3rd over - 2 runs, 2 hits, 0 errors, 0 left on base; Detroit 2 - Chester 7 |
| BOTTOM OF THE 3RD |
|
Chester Pirates batting - Pitching for Detroit Red Wings : RHP Andy Strange
|
|
Batting: RHB Frank Elizondo
|
0-0: Called Strike 0-1: Ball 1-1: Foul Ball, location: 2F 1-2: Strikes out swinging
|
|
Batting: LHB Chad Cutler
|
0-0: Swinging Strike 0-1: Ball 1-1: Foul Ball, location: 2F 1-2: Ball 2-2: Foul Ball, location: 2F 2-2: Strikes out swinging
|
|
Batting: RHB Terrence Wilson
|
0-0: Foul Ball, location: 2F 0-1: Ball 1-1: Ball 2-1: Foul Ball, location: 2F 2-2: Foul Ball, location: 2F 2-2: Fly out, F2 (Popup, 2LF, EV 90.6 MPH)
|
| Bottom of the 3rd over - 0 runs, 0 hits, 0 errors, 0 left on base; Detroit 2 - Chester 7 |
| TOP OF THE 4TH |
|
Detroit Red Wings batting - Pitching for Chester Pirates : RHP Eric Bourque
|
|
Batting: SHB Ross Holland
|
0-0: DOUBLE (Line Drive, 9LS, EV 100.0 MPH)
|
|
Batting: LHB Brad Gaskill
|
0-0: Ball 1-0: Foul Ball, location: 2F 1-1: Fly out, F8 (Line Drive, 8LM, EV 90.6 MPH)
|
|
Batting: RHB Tony Nunez
|
0-0: Fly out, F8 (Flyball, 78D, EV 100.0 MPH)
|
|
Batting: RHB Jeremiah Washington
|
0-0: Called Strike 0-1: Ball 1-1: Ball 2-1: DOUBLE (Line Drive, 7LM, EV 93.8 MPH) Ross Holland scores
|
|
Batting: SHB Eisse Wijnja
|
0-0: Fly out, F5 (Popup, 15, EV 85.0 MPH)
|
| Top of the 4th over - 1 run, 2 hits, 0 errors, 1 left on base; Detroit 3 - Chester 7 |
| BOTTOM OF THE 4TH |
|
Chester Pirates batting - Pitching for Detroit Red Wings : RHP Andy Strange
|
|
Batting: RHB Tim Moore
|
0-0: Ball 1-0: Fly out, F8 (Flyball, 8LD, EV 110.6 MPH)
|
|
Batting: RHB Brandon White
|
0-0: Ball 1-0: Ball 2-0: Ball 3-0: Called Strike 3-1: Base on Balls
|
|
Batting: RHB Zach Chmieleski
|
0-0: Called Strike 0-1: Ball 1-1: Ball 2-1: Swinging Strike 2-2: Strikes out swinging
|
|
Batting: RHB Jeff Edwards
|
0-0: Foul Ball, location: 2F 0-1: Foul Ball, location: 2F 0-2: Ball 1-2: Ball 2-2: Fielders Choice at 2nd, 6-4 (Groundball, 6, EV 85.6 MPH)
|
| Bottom of the 4th over - 0 runs, 0 hits, 0 errors, 1 left on base; Detroit 3 - Chester 7 |
| TOP OF THE 5TH |
|
Detroit Red Wings batting - Pitching for Chester Pirates : RHP Eric Bourque
|
|
Batting: LHB Steve Herrera
|
0-0: Ball 1-0: Ball 2-0: Ball 3-0: Called Strike 3-1: Base on Balls
|
|
Batting: LHB Jamie Christian
|
0-0: Ball 1-0: Fly out, F7 (Flyball, 78M, EV 80.0 MPH)
|
|
Batting: RHB Carlos Armenteros
|
0-0: Foul Ball, location: 2F 0-1: Called Strike 0-2: Foul Ball, location: 2F 0-2: Ball 1-2: Strikes out looking
|
|
Batting: LHB Isao Fukui
|
0-0: Ball 1-0: Ball 2-0: Ball 3-0: Base on Balls Steve Herrera to second
|
|
Batting: SHB Ross Holland
|
0-0: Ball 1-0: Fly out, F8 (Flyball, 8LM, EV 85.0 MPH)
|
| Top of the 5th over - 0 runs, 0 hits, 0 errors, 2 left on base; Detroit 3 - Chester 7 |
| BOTTOM OF THE 5TH |
|
Chester Pirates batting - Pitching for Detroit Red Wings : RHP Andy Strange
|
|
Pitching: RHP Adam Fisher
|
|
|
Batting: SHB Don Hauk
|
0-0: Ball 1-0: Foul Ball, location: 2F 1-1: Ball 2-1: SINGLE (Groundball, 34S, EV 66.9 MPH) (infield hit)
|
|
Batting: LHB Dustin Herman
|
0-0: Foul Ball, location: 2F 0-1: Ball 1-1: Ball 2-1: DOUBLE (Line Drive, 89D, EV 100.6 MPH) Don Hauk to third
|
|
Batting: RHB Frank Elizondo
|
0-0: Called Strike 0-1: Ball 1-1: Foul Ball, location: 2F 1-2: Strikes out swinging
|
|
Batting: LHB Chad Cutler
|
0-0: Called Strike 0-1: DOUBLE (Line Drive, 9LS, EV 92.5 MPH) Don Hauk scores Dustin Herman scores
|
|
Batting: RHB Terrence Wilson
|
0-0: Ball 1-0: Foul Ball, location: 2F 1-1: SINGLE (Flyball, 5D, EV 86.9 MPH) Chad Cutler to third
|
|
Batting: RHB Tim Moore
|
0-0: Called Strike 0-1: Ball 1-1: Ball 2-1: Fly out, F9 (Flyball, 9, EV 93.1 MPH)
|
|
Batting: RHB Brandon White
|
0-0: Called Strike 0-1: Foul Ball, location: 2F 0-2: Ball 1-2: Ball 2-2: Ball 3-2: Foul Ball, location: 2F 3-2: Ground out 6-3 (Groundball, 6, EV 84.4 MPH)
|
| Bottom of the 5th over - 2 runs, 4 hits, 0 errors, 2 left on base; Detroit 3 - Chester 9 |
| TOP OF THE 6TH |
|
Detroit Red Wings batting - Pitching for Chester Pirates : RHP Eric Bourque
|
|
Batting: LHB Brad Gaskill
|
0-0: SOLO HOME RUN (Flyball, 89XD, EV 94.4 MPH) (Inside the Park)
|
|
Batting: RHB Tony Nunez
|
0-0: Foul Ball, location: 2F 0-1: Called Strike 0-2: Ball 1-2: Strikes out looking
|
|
Batting: RHB Jeremiah Washington
|
0-0: SINGLE (Groundball, 4MD, EV 96.9 MPH)
|
|
Batting: SHB Eisse Wijnja
|
0-0: Called Strike 0-1: Fly out, F7 (Flyball, 7, EV 95.0 MPH)
|
|
Batting: LHB Steve Herrera
|
0-0: Called Strike 0-1: Swinging Strike 0-2: Strikes out looking
|
| Top of the 6th over - 1 run, 2 hits, 0 errors, 1 left on base; Detroit 4 - Chester 9 |
| BOTTOM OF THE 6TH |
|
Chester Pirates batting - Pitching for Detroit Red Wings : RHP Adam Fisher
|
|
Batting: RHB Zach Chmieleski
|
0-0: Foul Ball, location: 2F 0-1: Fly out, F7 (Flyball, 7D, EV 108.8 MPH)
|
|
Batting: RHB Jeff Edwards
|
0-0: Ball 1-0: Foul Ball, location: 2F 1-1: Foul Ball, location: 2F 1-2: DOUBLE (Line Drive, 5D, EV 98.8 MPH)
|
|
Batting: SHB Don Hauk
|
0-0: Ball Wild Pitch! Jeff Edwards to third 1-0: Swinging Strike 1-1: Ball 2-1: Ball 3-1: Ground out 4-3 (Groundball, 4, EV 85.0 MPH) Jeff Edwards scores
|
|
Batting: LHB Dustin Herman
|
0-0: Ball 1-0: Ball 2-0: Ball 3-0: Base on Balls
|
|
Batting: RHB Frank Elizondo
|
0-0: Ball 1-0: Ball 2-0: Foul Ball, location: 2F 2-1: Foul Ball, location: 2F 2-2: Ball 3-2: Base on Balls Dustin Herman to second
|
|
Batting: LHB Chad Cutler
|
0-0: Ball 1-0: TRIPLE (Flyball, 78XD, EV 101.9 MPH) Dustin Herman scores Frank Elizondo scores
|
|
Batting: RHB Terrence Wilson
|
0-0: Ball 1-0: Ball 2-0: Ball 3-0: Base on Balls
|
|
Batting: RHB Tim Moore
|
0-0: DOUBLE (Groundball, 5L, EV 97.5 MPH) Chad Cutler scores Terrence Wilson to third
|
|
Batting: RHB Brandon White
|
0-0: Ball 1-0: Ball 2-0: Ball 3-0: Called Strike 3-1: Base on Balls
|
|
Pitching: RHP Jerome Stady
|
|
|
Batting: RHB Zach Chmieleski
|
0-0: Called Strike 0-1: Called Strike 0-2: Foul Ball, location: 2F 0-2: Ground out 6-3 (Groundball, 6S, EV 68.1 MPH)
|
| Bottom of the 6th over - 4 runs, 3 hits, 0 errors, 3 left on base; Detroit 4 - Chester 13 |
| TOP OF THE 7TH |
|
Detroit Red Wings batting - Pitching for Chester Pirates : RHP Eric Bourque
|
|
Batting: LHB Jamie Christian
|
0-0: Called Strike 0-1: Called Strike 0-2: Strikes out swinging
|
|
Batting: RHB Carlos Armenteros
|
0-0: Ball 1-0: Swinging Strike 1-1: SINGLE (Groundball, 56D, EV 96.9 MPH)
|
|
Batting: LHB Isao Fukui
|
0-0: Called Strike 0-1: Called Strike 0-2: Ball 1-2: Ball 2-2: Foul Ball, location: 2F 2-2: Fly out, F8 (Line Drive, 8LM, EV 102.5 MPH)
|
|
Batting: SHB Ross Holland
|
0-0: Ball Carlos Armenteros steals 2nd base (no throw) 1-0: Ball 2-0: Ball 3-0: Called Strike 3-1: Foul Ball, location: 2F 3-2: 2-RUN HOME RUN (Flyball, 7LD, EV 92.5 MPH), Distance : 342 ft
|
|
Pitching: RHP Tony Ortiz
|
|
|
Batting: LHB Brad Gaskill
|
0-0: Ball 1-0: Swinging Strike 1-1: Ball 2-1: Called Strike 2-2: Ball 3-2: Strikes out swinging
|
| Top of the 7th over - 2 runs, 2 hits, 0 errors, 0 left on base; Detroit 6 - Chester 13 |
| BOTTOM OF THE 7TH |
|
Chester Pirates batting - Pitching for Detroit Red Wings : RHP Jerome Stady
|
|
Batting: RHB Jeff Edwards
|
0-0: Ball 1-0: Called Strike 1-1: Ball 2-1: Foul Ball, location: 2F 2-2: Ball 3-2: Ground out 6-3 (Groundball, 6, EV 90.6 MPH)
|
|
Batting: SHB Don Hauk
|
0-0: Foul Ball, location: 2F 0-1: Called Strike 0-2: Ball 1-2: SINGLE (Groundball, 56S, EV 69.4 MPH) (infield hit)
|
|
Batting: LHB Dustin Herman
|
0-0: Called Strike 0-1: Called Strike 0-2: Foul Ball, location: 2F 0-2: SINGLE (Groundball, 34S, EV 66.9 MPH) (infield hit) Don Hauk to second
|
|
Batting: RHB Frank Elizondo
|
0-0: Fielders Choice at 2nd, 4-6 (Groundball, 4M, EV 92.5 MPH) Don Hauk to third
|
|
Batting: LHB Chad Cutler
|
0-0: Ball 1-0: Ball 2-0: Fly out, F9 (Flyball, 9LS, EV 86.9 MPH)
|
| Bottom of the 7th over - 0 runs, 2 hits, 0 errors, 2 left on base; Detroit 6 - Chester 13 |
| TOP OF THE 8TH |
|
Detroit Red Wings batting - Pitching for Chester Pirates : RHP Tony Ortiz
|
|
Batting: RHB Tony Nunez
|
0-0: Ball 1-0: Called Strike 1-1: Ball 2-1: Called Strike 2-2: Ball 3-2: Base on Balls
|
|
Batting: RHB Jeremiah Washington
|
0-0: Foul Ball, location: 2F 0-1: Foul Ball, location: 2F 0-2: SINGLE (Line Drive, 6D, EV 106.9 MPH) Tony Nunez to second
|
|
Batting: SHB Eisse Wijnja
|
0-0: Foul Ball, location: 2F 0-1: Ball 1-1: Called Strike 1-2: Ball 2-2: Strikes out swinging
|
|
Batting: LHB Steve Herrera
|
0-0: Ball 1-0: Ball 2-0: Ball 3-0: Called Strike 3-1: Fly out, F6 (Popup, 56D, EV 46.2 MPH)
|
|
Batting: LHB Jamie Christian
|
0-0: Swinging Strike 0-1: Foul Ball, location: 2F 0-2: Strikes out looking
|
| Top of the 8th over - 0 runs, 1 hit, 0 errors, 2 left on base; Detroit 6 - Chester 13 |
| BOTTOM OF THE 8TH |
|
Chester Pirates batting - Pitching for Detroit Red Wings : RHP Jerome Stady
|
|
Batting: RHB Terrence Wilson
|
0-0: Ball 1-0: Ball 2-0: Ball 3-0: Base on Balls
|
|
Batting: RHB Tim Moore
|
Pickoff Throw to First - Out! 1-3 0-0: SINGLE (Line Drive, 4D, EV 106.9 MPH)
|
|
Batting: RHB Brandon White
|
0-0: Ball 1-0: Ball 2-0: Foul Ball, location: 2F 2-1: Called Strike 2-2: Strikes out swinging
|
|
Batting: RHB Zach Chmieleski
|
0-0: Ball 1-0: SINGLE (Line Drive, 8LS, EV 101.2 MPH) Tim Moore to second
|
|
Batting: RHB Jeff Edwards
|
0-0: Called Strike 0-1: Foul Ball, location: 2F 0-2: Fielders Choice at 2nd, 6-4 (Groundball, 6D, EV 103.1 MPH)
|
| Bottom of the 8th over - 0 runs, 2 hits, 0 errors, 2 left on base; Detroit 6 - Chester 13 |
| TOP OF THE 9TH |
|
Detroit Red Wings batting - Pitching for Chester Pirates : RHP Tony Ortiz
|
|
Pitching: LHP Juan Villegas
|
|
|
Batting: RHB Carlos Armenteros
|
0-0: Called Strike 0-1: Ground out 6-3 (Groundball, 6, EV 76.2 MPH)
|
|
Batting: LHB Isao Fukui
|
0-0: Ball 1-0: Ball 2-0: Ball 3-0: Base on Balls
|
|
Batting: SHB Ross Holland
|
0-0: SINGLE (Line Drive, 56D, EV 95.0 MPH) Isao Fukui to second
|
|
Batting: LHB Brad Gaskill
|
0-0: Ball 1-0: Called Strike 1-1: Swinging Strike 1-2: Foul Ball, location: 2F 1-2: Ball 2-2: Strikes out swinging
|
|
Batting: RHB Tony Nunez
|
0-0: Called Strike 0-1: Ball 1-1: Swinging Strike 1-2: Strikes out swinging
|
| Top of the 9th over - 0 runs, 1 hit, 0 errors, 2 left on base; Detroit 6 - Chester 13 |
|